Map: New Repugnancy LE

Players

PtitDrogo - Winner!

  • Race: Protoss Protoss
  • League: Master
  • Spawn Location: 7:00

OGZest (Zest)

  • Race: Protoss Protoss
  • Spawn Location: 1:00

Event: HomeStory Cup XIX

VOD

Have the link to the VOD?

Description

Time

  • Played on: June 28, 2019, 12:32 p.m.
  • Length: 5:43

All games in this series

Show
View Real Time Build Order
Export as new Build Order

PtitDrogo Protoss - Winner!

Build Orders:  

Get SALT Encoding   

  12  0:00  Probe  
  13  0:12  Probe  
  14  0:17  Pylon  
  14  0:24  Probe  
  15  0:33  Probe  
  15  0:35  Gateway  
  15  0:41  Probe  
  16  0:46  Assimilator  
  17  0:51  Probe  
  17  0:55  Assimilator  
  18  0:59  Probe  
  19  1:07  Probe  
  19  1:09  Gateway  
  19  1:17  Probe  
  20  1:23  Cybernetics Core  
  21  1:29  Probe  
  22  1:35  Pylon  
  22  1:41  Probe  
  23  1:52  Warp Gate  
  23  1:54  Probe  
  24  2:00  Stalker  
  24  2:01  Sentry  
  28  2:06  Pylon  
  28  2:11  Probe  
  29  2:21  Pylon  
  29  2:33  Stalker x2  
  33  2:54  Nexus  
  33  3:07  Sentry x2  
  33  3:10  Pylon  
  37  3:15  Shield Battery  
  37  3:28  Shield Battery  
  35  3:43  Stalker x2  
  36  3:48  Probe  
  36  3:50  Gateway  
  36  3:52  Shield Battery  
  36  4:03  Gateway  
  34  4:11  Probe  
  34  4:13  Sentry x2  
  39  4:26  Probe x2  
  39  4:30  Stalker  
  43  4:31  Stalker  
  45  4:44  Stalker  
  47  4:52  Stalker  
  49  4:58  Stalker  
  47  5:07  Stalker  
  47  5:12  Sentry  
  47  5:17  Stalker  
  49  5:25  Stalker  
  45  5:36  Stalker  
  45  5:40  Zealot x2  
Show
View Real Time Build Order
Export as new Build Order

OGZest Protoss 

Build Orders: Oracle Opening 

Get SALT Encoding   

  12  0:00  Probe  
  13  0:12  Probe  
  14  0:17  Pylon  
  14  0:24  Probe  
  15  0:32  Probe  
  15  0:37  Gateway  
  15  0:40  Probe  
  16  0:46  Assimilator  
  17  0:51  Probe  
  17  0:54  Assimilator  
  18  1:00  Probe  
  19  1:07  Gateway  
  19  1:08  Probe  
  19  1:17  Probe  
  20  1:24  Cybernetics Core  
  21  1:29  Probe  
  22  1:33  Pylon  
  22  1:41  Probe  
  23  1:53  Probe  
  24  2:00  Stalker x2  
  28  2:02  Warp Gate  
  28  2:12  Pylon  
  28  2:22  Stargate  
  27  2:30  Adept  
  27  2:31  Adept  
  31  2:58  Oracle  
  31  2:59  Nexus  
  34  3:16  Probe  
  35  3:26  Pylon  
  35  3:28  Probe  
  36  3:35  Oracle  
  33  3:52  Stalker, Shield Battery  
  33  3:53  Stalker  
  37  3:56  Probe  
  38  4:09  Probe  
  39  4:13  Probe  
  39  4:15  Robotics Facility  
  40  4:18  Probe  
  40  4:21  Probe  
  41  4:26  Probe  
  41  4:29  Probe  
  45  4:41  Stalker x2  
  46  4:46  Shield Battery  
  45  5:04  Stalker  
  45  5:05  Stalker  
  40  5:14  Probe x2  
  38  5:28  Stalker  
  35  5:37  Stalker  
Tags
 
Add a new tag
Caveats
  • Supply blocks, unpowered buildings, or Contaminate may cause inaccurate times.
  • Supply counts are checked every 10 seconds.